 Dungeon Sprint DCSS version 0.19-a0-1049-g462a813 (webtiles) character file.

30269 Kidiri the Unseen (level 13, 0/68 HPs)
             Began as a Spriggan Enchanter on July 31, 2016.
             Was the Champion of Dithmenos.
             Slain by the 27-headed Lernaean hydra (1 damage)
             ... in the Dungeon (Sprint I: "Red Sonja").
             The game lasted 00:21:55 (5386 turns).

Kidiri the Unseen (Spriggan Enchanter)              Turns: 5386, Time: 00:21:55

Health: 0/68       AC:  6    Str:  4    XL:     13   Next: 19%
Magic:  29/33      EV: 35    Int: 22    God:    Dithmenos [******]
Gold:   1103       SH: 11    Dex: 22    Spells: 12 memorised, 3 levels left

rFire  . . .     SeeInvis +     l - +2 dagger (venom)
rCold  + . .     Gourm    .     q - +1 robe "Esih" {MR- Dex+4 Stlth+}
rNeg   . . .     Faith    .     n - +0 buckler {AC+3}
rPois  .         Spirit   .     (helmet restricted)
rElec  .         Dismiss  .     (no cloak)
rCorr  .         Reflect  +     (gloves unavailable)
SustAt +         Harm     .     (boots unavailable)
MR     +....     NoTele   +     k - +3 amulet of reflection
Stlth  ++++++++++               y - ring of stealth
                                p - ring of Oghiymu {SustAt +Fly rC+}

@: flying, wreathed by umbra, very quick, somewhat resistant to hostile
enchantments, uncannily stealthy
A: unfitting armour, see invisible, clever 1, herbivore 3, speed 3, slow
metabolism 2
a: Shadow Step, Shadow Form, Renounce Religion, Stop Flying


You were in the Dungeon.
You worshipped Dithmenos.
Dithmenos was exalted by your worship.
You were not hungry.

You visited 1 branch You collected 4673 gold pieces.
You spent 3570 gold pieces at shops.

Inventory:

Hand Weapons
 l - a +2 dagger of venom (weapon)
Missiles
 r - a throwing net (quivered)
Armour
 n - a +0 buckler of protection (worn)
 q - the +1 robe "Esih" (worn) {MR- Dex+4 Stlth+}
   (You bought it in a shop in the Dungeon)

   It affects your dexterity (+4).
   It affects your resistance to hostile enchantments.
   It makes you more stealthy.
Rods
 G - a +5 rod of shadows (14/14)
   (You found it in the Dungeon)
Jewellery
 k - a +3 amulet of reflection (around neck)
 p - the ring of Oghiymu (left hand) {SustAt +Fly rC+}
   (You bought it in a shop in the Dungeon)

   [ring of sustain attributes]

   It sustains your strength, intelligence and dexterity.
   It protects you from cold.
   It lets you fly.
 s - an uncursed ring of poison resistance
 v - an uncursed ring of protection from fire
 y - a ring of stealth (right hand)
Wands
 i - a wand of hasting (5/9)
 z - a wand of paralysis (4/24)
 B - a wand of lightning (10/15)
 E - a wand of heal wounds (6/9)
Scrolls
 c - a scroll of amnesia
 e - a scroll of brand weapon {unknown}
 j - a scroll of blinking
 o - a scroll of fog
Potions
 a - 4 potions of curing
 f - a potion of heal wounds
 g - a potion of haste
 h - 2 potions of magic
 m - a potion of cure mutation
 u - a potion of flight {unknown}
 w - 2 potions of brilliance {unknown}
 A - a potion of berserk rage
 C - a potion of might {unknown}
 D - 2 potions of agility {unknown}
Books
 b - a book of Burglary

   Spells                             Type                      Level
   a - Swiftness                      Charms/Air                   2
   b - Passwall                       Transmutation/Earth          2
   c - Passage of Golubria            Translocation                4
   d - Lee's Rapid Deconstruction     Earth                        5
   e - Darkness                       Hexes                        6
   f - Invisibility                   Hexes                        6
Comestibles
 d - 2 bread rations
 x - 2 fruits


   Skills:
 + Level 8.1 Fighting
 * Level 14.0 Short Blades
 + Level 7.3 Armour
 * Level 17.6 Dodging
 * Level 19.2 Stealth
 - Level 5.6 Shields
 * Level 15.1 Spellcasting
 + Level 7.0 Conjurations
 + Level 11.8 Hexes
 + Level 11.0 Charms
 + Level 2.2 Translocations
 + Level 2.6 Transmutations
 + Level 7.9 Ice Magic
 + Level 1.5 Earth Magic
 - Level 8.2 Invocations


You had 3 spell levels left.
You knew the following spells:

 Your Spells              Type           Power        Failure   Level  Hunger
a - Corona                Hex            ######.      1%          1    None
b - Ensorcelled Hibernat  Hex/Ice        ######       1%          2    None
c - Confuse               Hex            ######..     1%          3    None
d - Tukima's Dance        Hex            ######..     1%          3    None
e - Dazzling Spray        Conj/Hex       ######       1%          3    None
f - Ozocubu's Armour      Chrm/Ice       ######..     1%          3    None
g - Throw Icicle          Conj/Ice       #####...     1%          4    None
h - Stone Arrow           Conj/Erth      #####.       1%          3    None
i - Invisibility          Hex            ######..     6%          6    #####..
j - Passwall              Tmut/Erth      ####......   2%          2    None
k - Passage of Golubria   Tloc           N/A          21%         4    None
l - Lee's Rapid Deconstr  Erth           ###.......   69%         5    ###....


Dungeon Overview and Level Annotations

Branches:
Dungeon (1/1)

Altars:
Cheibriados
Dithmenos
Elyvilon
Fedhas
Gozag
Hepliaklqana
Kikubaaqudgha
Makhleb
Nemelex Xobeh
Okawaru
Pakellas
Qazlal
Ru
Sif Muna
Trog
Uskayaw
Vehumet
Xom
Yredelemnul
Zin
The Shining One
Jiyva

Shops:
D ==:(:!=!*%%%*%%=[}%[(}

Annotations:
D Lernaean hydra, Tiamat


Innate Abilities, Weirdness & Mutations

You are tiny and cannot use many weapons and most armour.
You have supernaturally acute eyesight. (SInv)
You are a herbivore.
You cover ground extremely quickly.
You need consume almost no food.
Your mind is acute. (Int +2)


Message History

The 27-headed Lernaean hydra closely misses you.
The 27-headed Lernaean hydra completely misses you. x2
The 27-headed Lernaean hydra bites you.
* * * LOW HITPOINT WARNING * * *
The 27-headed Lernaean hydra closely misses you.
You block the 27-headed Lernaean hydra's attack.
The 27-headed Lernaean hydra misses you.
The 27-headed Lernaean hydra bites you but does no damage.
You block the 27-headed Lernaean hydra's attack.
The 27-headed Lernaean hydra bites you!
* * * LOW HITPOINT WARNING * * *
You emit a cloud of dark smoke.
The 27-headed Lernaean hydra misses you.
The 27-headed Lernaean hydra completely misses you.
The 27-headed Lernaean hydra closely misses you.
The 27-headed Lernaean hydra completely misses you.
You block the 27-headed Lernaean hydra's attack.
The 27-headed Lernaean hydra misses you.
The 27-headed Lernaean hydra bites you.
You die...

.§#...###..###.#..≈###+##...#
§§+§....##.#A#.#..≈.[#.####+#
§§#§....#..###.#.)≈)##+#.^§§##
§.###++##.##...#..≈##.^.§.§§.##
§###..###..#+###..≈#§§§§§.....#
.####..###...#.≈..##§.§§.§§...##
+#..#(.#.###.#.§§.#...§.[§.....#
.#...§.....#.###§§#.....}..§.§.#
##..§.§....#.#.+@§##.......§.§##
.+......####+#.##D##........§.#
###...###....#§ ≈≈##........##
..#####...#### ≈≈≈##.[....##
)...)...### ≈≈≈≈########
....##### ≈≈≈≈# .).## '≈≈≈' ..##
##≈≈#≈ ..#


You could see the 27-headed Lernaean hydra.

Vanquished Creatures
  A golden dragon (D)
  A shadow dragon (D)
  4 fire giants (D)
  A lorocyproca (D)
  A deep elf annihilator (D)
  A mummy priest (D)
  A hydra (D)
  2 centaur warriors (D)
  Sonja (D)
  A deep troll (D)
  7 unseen horrors (D)
  A lindwurm (D)
  2 oklob plants (D)
  8 shining eyes (D)
  2 sirens (D)
  A gargoyle (D)
  2 kobold demonologists (D)
  4 demonic crawlers (D)
  A hellwing (D)
  A slime creature (D)
  Sigmund (D)
  2 redbacks (D)
  A yak (D)
  13 hogs (D)
  7 giant eyeballs (D)
  4 wasps (D)
  7 necrophages (D)
  An ogre (D)
  8 jellies (D)
  Ijyb (D)
  3 ballistomycetes (D)
  A giant spore (D)
92 creatures vanquished.

Vanquished Creatures (others)
  A gargoyle (D)
  A wasp (D)
  A giant spore (D)
3 creatures vanquished.

Grand Total: 95 creatures vanquished

Notes
Turn   | Place    | Note
-------+----------+-------------------------------------------
     0 | D        | Kidiri the Spriggan Enchanter began the quest for the Orb.
     0 | D        | Reached XP level 1. HP: 9/9 MP: 5/5
     2 | D        | Noticed Ijyb
    27 | D        | Killed Ijyb
    27 | D        | Reached skill level 1 in Fighting
    27 | D        | Reached skill level 1 in Armour
    27 | D        | Reached skill level 5 in Stealth
    27 | D        | Reached XP level 2. HP: 14/14 MP: 4/7
    49 | D        | Learned a level 2 spell: Ensorcelled Hibernation
    68 | D        | Noticed an ogre
   258 | D        | Killed an ogre
   258 | D        | Reached skill level 7 in Stealth
   258 | D        | Reached skill level 5 in Spellcasting
   258 | D        | Reached skill level 5 in Hexes
   258 | D        | Reached skill level 1 in Ice Magic
   258 | D        | Reached XP level 3. HP: 18/18 MP: 0/10
   258 | D        | Reached XP level 4. HP: 23/23 MP: 0/12
   263 | D        | Learned a level 3 spell: Confuse
   267 | D        | Learned a level 3 spell: Tukima's Dance
   271 | D        | Learned a level 3 spell: Dazzling Spray
   353 | D        | Noticed Sigmund
   355 | D        | Killed Sigmund
   355 | D        | Reached skill level 5 in Short Blades
   355 | D        | Reached skill level 8 in Stealth
   355 | D        | Reached skill level 1 in Conjurations
   355 | D        | Reached XP level 5. HP: 27/27 MP: 13/15
   355 | D        | Reached XP level 6. HP: 32/32 MP: 13/16
   378 | D        | Found a snail-covered altar of Cheibriados.
   378 | D        | Found a shadowy altar of Dithmenos.
   378 | D        | Noticed a slime creature
   379 | D        | Found a viscous altar of Jiyva.
   379 | D        | Found a blossoming altar of Fedhas.
   384 | D        | Killed a slime creature
   384 | D        | Reached skill level 10 in Stealth
   386 | D        | Became a worshipper of Dithmenos the Shadowed
   413 | D        | Found a deep blue altar of Sif Muna.
   415 | D        | Found a radiant altar of Vehumet.
   457 | D        | Found Narokloa's Weapon Emporium.
   457 | D        | Found a white marble altar of Elyvilon.
   457 | D        | Found a stormy altar of Qazlal.
   457 | D        | Found a burning altar of Makhleb.
   457 | D        | Found a sacrificial altar of Ru.
   457 | D        | Found a hazy altar of Hepliaklqana.
   457 | D        | Found an oddly glowing altar of Pakellas.
   457 | D        | Found a hide-covered altar of Uskayaw.
   457 | D        | Found a basalt altar of Yredelemnul.
   457 | D        | Found a glowing golden altar of the Shining One.
   457 | D        | Found a sparkling altar of Nemelex Xobeh.
   457 | D        | Found a shimmering altar of Xom.
   457 | D        | Found an opulent altar of Gozag.
   457 | D        | Found an ancient bone altar of Kikubaaqudgha.
   457 | D        | Found a glowing silver altar of Zin.
   457 | D        | Noticed a yak
   458 | D        | Found an iron altar of Okawaru.
   459 | D        | Killed a yak
   459 | D        | Reached skill level 1 in Invocations
   459 | D        | Reached XP level 7. HP: 36/36 MP: 19/19
   460 | D        | Found a bloodstained altar of Trog.
   473 | D        | Noticed Sonja
   477 | D        | Killed Sonja
   477 | D        | Reached * piety under Dithmenos
   477 | D        | Reached skill level 10 in Dodging
   477 | D        | Reached skill level 11 in Stealth
   477 | D        | Reached XP level 8. HP: 42/42 MP: 19/21
   496 | D        | Found Inwuta's Jewellery Boutique.
   504 | D        | Bought a +3 amulet of reflection for 325 gold pieces
   518 | D        | Noticed a deep troll
   522 | D        | Killed a deep troll
   522 | D        | Reached skill level 12 in Stealth
   532 | D        | Found Vimibut's Armour Emporium.
   537 | D        | Bought a +0 buckler of protection for 149 gold pieces
   557 | D        | Learned a level 3 spell: Ozocubu's Armour
   562 | D        | Learned a level 4 spell: Throw Icicle
   571 | D        | Noticed a centaur warrior
   571 | D        | Noticed a centaur warrior
   574 | D        | Killed a centaur warrior
   574 | D        | Reached skill level 1 in Shields
   574 | D        | Reached skill level 10 in Spellcasting
   574 | D        | Reached XP level 9. HP: 46/46 MP: 22/24
   576 | D        | Killed a centaur warrior
   576 | D        | Reached ** piety under Dithmenos
   576 | D        | Reached skill level 13 in Stealth
   584 | D        | Learned a level 3 spell: Stone Arrow
   711 | D        | Noticed an oklob plant
   713 | D        | Killed an oklob plant
   713 | D        | Reached skill level 5 in Fighting
   735 | D        | Reached skill level 5 in Ice Magic
   746 | D        | Noticed an unseen horror
   749 | D        | Noticed an unseen horror
   753 | D        | Killed an unseen horror
   753 | D        | Reached *** piety under Dithmenos
   753 | D        | Reached skill level 10 in Short Blades
   753 | D        | Reached skill level 14 in Stealth
   753 | D        | Reached XP level 10. HP: 51/51 MP: 24/26
   755 | D        | Killed an unseen horror
   755 | D        | Reached skill level 5 in Charms
   755 | D        | Reached skill level 5 in Invocations
   773 | D        | Reached skill level 5 in Armour
   793 | D        | Reached **** piety under Dithmenos
   814 | D        | Killed a gargoyle
   859 | D        | Reached ***** piety under Dithmenos
  1018 | D        | Found Ovele's Distillery.
  1018 | D        | Found Ucwol's Jewellery Shop.
  1018 | D        | Found Urchef's General Store.
  1020 | D        | Found Qifussat's Food Emporium.
  1020 | D        | Found Huironin's Food Shop.
  1020 | D        | Found Idim's Food Shoppe.
  1020 | D        | Found Liawkar's General Store.
  1020 | D        | Found Jogimit's Food Emporium.
  1020 | D        | Found Riduas's Food Shop.
  1020 | D        | Found Ruzor's Jewellery Shoppe.
  1024 | D        | Found Reromaiwk's Antique Armour Boutique.
  1025 | D        | Found Ykix Heg's Food Emporium.
  1025 | D        | Found Vaostoir's Gadget Boutique.
  1026 | D        | Found Bomad's Weapon Emporium.
  1028 | D        | Bought a scroll of identify for 28 gold pieces
  1030 | D        | Gained mutation: Your mind is acute. (Int +2) [potion of beneficial mutation]
  1031 | D        | Bought a scroll of identify for 28 gold pieces
  1031 | D        | Bought a scroll of identify for 28 gold pieces
  1222 | D        | Bought the ring of Oghiymu {SustAt +Fly rC+} for 336 gold pieces
  1257 | D        | Bought the +1 robe "Esih" {MR- Dex+4 Stlth+} for 256 gold pieces
  1403 | D        | Reached skill level 15 in Stealth
  1412 | D        | Reached skill level 5 in Conjurations
  1575 | D        | Reached ****** piety under Dithmenos
  1624 | D        | Noticed a lindwurm
  1627 | D        | Killed a lindwurm
  1627 | D        | Reached XP level 11. HP: 56/56 MP: 28/28
  1778 | D        | Noticed a 12-headed hydra
  1780 | D        | Killed a 12-headed hydra
  1782 | D        | Reached skill level 16 in Stealth
  1867 | D        | Bought an uncursed ring of poison resistance for 240 gold pieces
  1943 | D        | Noticed a lorocyproca
  1948 | D        | Killed a lorocyproca
  1948 | D        | Reached skill level 15 in Dodging
  1948 | D        | Reached skill level 10 in Hexes
  2697 | D        | Noticed a daeva
  2700 | D        | Noticed an unseen horror
  2700 | D        | Noticed an unseen horror
  2700 | D        | Noticed an unseen horror
  2707 | D        | Killed an unseen horror
  2729 | D        | Noticed an unseen horror
  2731 | D        | Noticed an unseen horror
  2732 | D        | Killed an unseen horror
  2733 | D        | Killed an unseen horror
  2735 | D        | Killed an unseen horror
  2737 | D        | Killed an unseen horror
  3033 | D        | Bought an uncursed ring of protection from fire for 325 gold pieces
  3139 | D        | Noticed a shadow dragon
  3139 | D        | Noticed a golden dragon
  3143 | D        | Killed a golden dragon
  3143 | D        | Reached skill level 17 in Stealth
  3143 | D        | Reached XP level 12. HP: 63/63 MP: 25/30
  3145 | D        | Killed a shadow dragon
  3223 | D        | Found Vennos's Gadget Shoppe.
  3243 | D        | Bought a wand of heal wounds (6/9) for 780 gold pieces
  3502 | D        | Noticed a fire giant
  3503 | D        | Noticed a fire giant
  3503 | D        | Noticed a fire giant
  3503 | D        | Noticed a fire giant
  3504 | D        | Killed a fire giant
  3504 | D        | Reached skill level 5 in Shields
  3506 | D        | Killed a fire giant
  3506 | D        | Reached skill level 18 in Stealth
  3506 | D        | Reached skill level 10 in Charms
  3507 | D        | Killed a fire giant
  3509 | D        | Killed a fire giant
  3530 | D        | Noticed Tiamat
  4294 | D        | Identified a +5 rod of shadows (14/14) (You found it in the Dungeon)
  4417 | D        | Gained mutation: Your magical capacity is low. (-10% MP) [a shining eye]
  4418 | D        | Gained mutation: You are clumsy. (Dex -2) [a shining eye]
  4424 | D        | Gained mutation: You are very clumsy. (Dex -4) [a shining eye]
  4713 | D        | Reached XP level 13. HP: 68/68 MP: 16/29
  4718 | D        | Found Haenkek's Jewellery Shoppe.
  4718 | D        | Found Uczex's Distillery.
  4718 | D        | Found Rean's Book Emporium.
  4719 | D        | Found Biufub's Book Shop.
  4725 | D        | Bought a potion of cure mutation for 325 gold pieces
  4725 | D        | Lost mutation: You are very clumsy. (Dex -4) [potion of cure mutation]
  4725 | D        | Lost mutation: Your magical capacity is low. (-10% MP) [potion of cure mutation]
  4725 | D        | Lost mutation: You are clumsy. (Dex -2) [potion of cure mutation]
  4733 | D        | Bought a book of Burglary for 750 gold pieces
  4742 | D        | Learned a level 6 spell: Invisibility
  4745 | D        | Learned a level 2 spell: Passwall
  4750 | D        | Learned a level 4 spell: Passage of Golubria
  4756 | D        | Learned a level 5 spell: Lee's Rapid Deconstruction
  5106 | D        | Noticed a deep elf annihilator
  5106 | D        | Noticed a mummy priest
  5106 | D        | Killed a deep elf annihilator
  5106 | D        | Reached skill level 19 in Stealth
  5106 | D        | Reached skill level 1 in Translocations
  5106 | D        | Reached skill level 1 in Transmutations
  5110 | D        | Reached skill level 15 in Spellcasting
  5110 | D        | Reached skill level 1 in Earth Magic
  5112 | D        | Killed a mummy priest
  5385 | D        | Noticed the 27-headed Lernaean hydra
  5386 | D        | HP: 1/68 [the 27-headed Lernaean hydra (13)]
  5386 | D        | Slain by the 27-headed Lernaean hydra

Vault maps used:
D:        dungeon_sprint_1

Skill      XL: |  1  2  3  4  5  6  7  8  9 10 11 12 13 |
---------------+----------------------------------------+-----
Fighting       | 1 2 3 4 5 6 7 8 |  8.1
Short Blades   | 2 4 5 6 7 9 10 11 12 13 14 | 14.0
Armour         | 1 2 3 4 5 6 7 |  7.3
Dodging        | 4 6 8 9 10 11 13 14 16 17 | 17.6
Stealth        | 5 7 8 10 11 12 14 15 17 18 19 | 19.2
Spellcasting   | 3 5 6 7 8 10 11 12 13 14 15 | 15.1
Hexes          | 4 5 6 7 8 9 10 11 | 11.8
Ice Magic      | 1 2 3 4 5 6 7 |  7.9
Conjurations   | 1 2 3 4 5 6 7 |  7.0
Invocations    | 1 2 3 4 5 7 8 |  8.2
Shields        | 1 2 3 4 5 |  5.6
Charms         | 2 4 6 9 10 11 | 11.0
Translocations | 2 |  2.2
Transmutations | 2 |  2.6
Earth Magic    | 1 |  1.5

Action                   |  1- 3 |  4- 6 |  7- 9 | 10-12 | 13-15 || total
-------------------------+-------+-------+-------+-------+-------++-------
Melee: Dagger            |    15 |     6 |     9 |   109 |    10 ||   149
 Cast: Corona            |     2 |       |       |       |       ||     2
       Ensorcelled Hiber |     9 |       |     1 |     6 |       ||    16
       Dazzling Spray    |       |     1 |       |    19 |     2 ||    22
       Confuse           |       |       |       |     4 |       ||     4
       Throw Icicle      |       |       |       |     4 |       ||     4
       Stone Arrow       |       |       |       |     1 |       ||     1
       Invisibility      |       |       |       |       |     1 ||     1
       Passwall          |       |       |       |       |     1 ||     1
Invok: Shadow Step       |       |       |       |     9 |     2 ||    11
 Abil: Evoke Flight      |       |       |       |       |     3 ||     3
  Use: Potion            |     2 |       |       |     1 |     1 ||     4
       Scroll            |       |       |       |     9 |       ||     9
 Stab: Sleeping          |     1 |     4 |     9 |    51 |     9 ||    74
       Invisible         |       |     1 |       |     6 |     1 ||     8
       Confused          |       |       |       |     1 |       ||     1
  Eat: Bread ration      |       |       |       |     1 |       ||     1
Armor: Robe              |       |       |       |     1 |     1 ||     2
Dodge: Dodged            |    17 |     2 |       |    55 |    14 ||    88
Block: Buckler           |       |       |       |    33 |     4 ||    37
